 Dungeon Crawl Stone Soup version 0.30-a0-187-gd9c2deaf24 (webtiles) character file.

Game seed: 7448557009559694114

52 KennySheep the Trooper (level 3, 0/60 HPs)
             Began as an Ogre Berserker on Oct 4, 2022.
             Was a Follower of Trog.
             Succumbed to an adder's poison
             ... on level 2 of the Dungeon.
             The game lasted 00:02:34 (1119 turns).

KennySheep the Trooper (Ogre Berserker)             Turns: 1119, Time: 00:02:35

Health: 0/60       AC:  3    Str: 21    XL:     3   Next: 85%
Magic:  3/3        EV: 10    Int:  8    God:    Trog [*.....]
Gold:   82         SH:  0    Dex: 14    Spells: 2/2 levels left

rFire   . . .      SeeInvis .    a - +0 mace
rCold   . . .      Faith    .    (no shield)
rNeg    . . .      Spirit   .    b - +0 animal skin
rPois   .          Reflect  .    (helmet restricted)
rElec   .          Harm     .    (no cloak)
rCorr   .          Rampage  .    (gloves unavailable)
Will    +....      Rnd*Tele +    (boots unavailable)
Stlth   ..........               (no amulet)
HPRegen 0.30/turn                d - ring of willpower
MPRegen 0.08/turn                m - +6 ring of dexterity

@: berserking, lethally poisoned (0 -> -1), very quick
A: large, unfitting armour, tough skin 1, teleportitis 1, weak 1, no potion heal
1
a: Renounce Religion, Berserk


You were on level 2 of the Dungeon.
You worshipped Trog.
Trog was aware of your devotion.
You visited 1 branch of the dungeon, and saw 2 of its levels.

You collected 82 gold pieces.

Inventory:

Hand Weapons
 a - a +0 mace (weapon)
Armour
 b - a +0 animal skin (worn)
Jewellery
 d - a ring of willpower (left hand)
 m - a +6 ring of dexterity (right hand)
Scrolls
 c - a scroll of fear {unknown}
 e - a scroll of noise
 f - a scroll of teleportation
 j - a scroll of vulnerability
 k - a scroll of torment
 l - a scroll of magic mapping


   Skills:
 + Level 4.7 Fighting
 * Level 3.8 Maces & Flails
 - Level 2.7 Dodging


You had 2 spell levels left.
You didn't know any spells.
Your spell library was empty.

Dungeon Overview and Level Annotations

Branches:
Dungeon (2/15)

Altars:


Innate Abilities, Weirdness & Mutations

You are too large for most types of armour.
You have tough skin. (AC +1)
You are occasionally teleported next to monsters.
You are weak. (Str -2)
Potions are less effective at restoring your health.


Message History

It was a potion of mutation.
You feel extremely strange.
You feel weirdly uncertain.
You feel weaker.
Your system partially rejects the healing effects of potions.
* * * LOW HITPOINT WARNING * * *
You feel very sick. The adder closely misses you.
You bump into the rock wall.
* * * LOW HITPOINT WARNING * * *
You feel very sick. The adder closely misses you. x2
You closely miss the adder.
The adder is lightly wounded.
You feel less invigorated.
You feel less confused.
* * * LOW HITPOINT WARNING * * *
You feel sick. The adder bites you but does no damage.
You sock the adder!
The adder is almost dead.
* * * LOW HITPOINT WARNING * * *
You feel sick. The adder bites you.
* * * LOW HITPOINT WARNING * * *
The adder bites you but does no damage.
You hit the adder.
The adder is almost dead.
* * * LOW HITPOINT WARNING * * *
You feel sick. The adder misses you.
You hit the adder.
You kill the adder!
Trog accepts your kill.
* * * LOW HITPOINT WARNING * * *
You feel sick.
* * * LOW HITPOINT WARNING * * *
You feel sick.
A red film seems to cover your vision as you go berserk!
You feel yourself moving faster!
You feel mighty!
* * * LOW HITPOINT WARNING * * *
You feel sick.
There is a lethal amount of poison in your body!
You feel a strong urge to attack something.
You die...

####.#####.#.#** **,,*,***,,,**,*
.....#...#.#,,,###,,*,,,,,,*,*,,,
###......#(###....,*,,,*****,**,*
....##.........#****,,** ***,,,
....##.........# *,,,,,* **,*
...###...#.##### *,,,,,* *,,,
...# #...#.# *,,,,,* *****8,*
#### #...#.# ############*,,,*,,,
.### #...#.###..@.†......,,****,*
#..###...#.....##########*** *,,,
###.##...#..#### **,*
.......###### *,,, ######.# **,,
.......# *** ###.##.# #..###.#
.###...#


There were no monsters in sight!

Vanquished Creatures
  2 adders (D:2)
  A worm (D:2)
  A dart slug (D:2)
  5 endoplasms
  2 giant cockroaches
  2 hobgoblins (D:1)
  A kobold (D:2)
  2 quokkas
  A ball python (D:1)
  2 frilled lizards
  4 goblins
  6 rats (D:1)
29 creatures vanquished.

Notes
Turn   | Place    | Note
-------+----------+-------------------------------------------
     0 | D:1      | KennySheep the Ogre Berserker began the quest for the Orb.
     0 | D:1      | Reached XP level 1. HP: 24/24 MP: 1/1
   152 | D:1      | Reached XP level 2. HP: 24/32 MP: 2/2
   867 | D:2      | Reached XP level 3. HP: 35/40 MP: 3/3
  1111 | D:2      | Gained mutation: You are occasionally teleported next to
                  | monsters. [potion of mutation]
  1111 | D:2      | Gained mutation: You are weak. (Str -2) [potion of
                  | mutation]
  1111 | D:2      | Gained mutation: Potions are less effective at restoring
                  | your health. [potion of mutation]
  1115 | D:2      | HP: 2/40 [poisoned by an adder]
  1119 | D:2      | Succumbed to an adder's poison

Illustrated notes

Levels and vault maps discovered:
D:1:      eino_arrival_tree_alley, layout_rooms
D:2:      layout_rooms, chequers_avenue, interstate_on_off

Skill      XL: |  1 |
---------------+----+-----
Maces & Flails | 3 |  3.8
Fighting       | |  4.7
Dodging        | |  2.7

Action                   || total
-------------------------++-------
Melee: Mace              ||   115
       Punch             ||     2
Invok: Berserk           ||     1
  Use: Scroll            ||     5
       Potion            ||     4
 Stab: Sleeping          ||     1
Armor: Animal skin       ||    37
Dodge: Dodged            ||    51

Table legend: (Time is in decaauts)
 A = Elapsed time spent in this place.
 B = Non-inter-level travel time spent in this place.
 C = Inter-level travel time spent in this place.
 D = Time resting spent in this place.
 E = Time spent auto-exploring this place.
 F = Levels seen in this place.
 G = Mean time per level.
                   A        B        C        D        E       F      G
               +--------+--------+--------+--------+--------+-----+--------+
         Total |   1145 |   1108 |     37 |      0 |    847 |   2 |  572.5 |
       Dungeon |   1145 |   1108 |     37 |      0 |    847 |   2 |  572.5 |
               +--------+--------+--------+--------+--------+-----+--------+

Top non-repeatable levels by time:
     D:1: 823 daAuts
     D:2: 322 daAuts
